Ducks vs Jets

Created - Sunday, December 07, 2014 at 22:52

Goals
1 2 3 T
Ducks 1 0 0 1
Jets 0 2 3 5
Shots
1 2 3 T
Ducks 10 5 3 18
Jets 3 13 16 32

1st period

1. Ducks , Matt Frattin 2 (Marc Staal) at 18:30

Penalties :
Dennis Wideman (Ana) for High sticking (Minor) at 0:26, Tyler Myers (Wpg) for Interference (Minor) at 2:01, Alex Grant (Ana) for High sticking (Minor) at 8:39, Ryan Getzlaf (Wpg) for Holding (Minor) at 11:41, Alex Ovechkin (Wpg) for Interference (Minor) at 15:12, Sean Bergenheim (Ana) for Tripping (Minor) at 18:44

2nd period

2. Jets , Max Pacioretty 13 (Wayne Simmonds, Erik Johnson) at 2:29
3. Jets , Erik Johnson 4 (Teemu Selanne, Ryan Getzlaf) at 19:11

Penalties :
Sean Bergenheim (Ana) for High sticking (Minor) at 8:34, Tyler Myers (Wpg) for Interference (Minor) at 11:23, Sean Bergenheim (Ana) for Hooking (Minor) at 0:00

3rd period

4. Jets , Ryan Getzlaf 8 (Tyler Myers) at 10:49
5. Jets , Ryan Getzlaf 9 (Wayne Simmonds) at 17:40 (PP)
6. Jets , Ryan Getzlaf 10 (Kyle Turris, Sergei Bobrovsky) at 19:37 (PP)

Penalties :
James Neal (Ana) for Tripping (Minor) at 13:17, Keith Aucoin (Ana) for Holding (Minor) at 15:47, Tyler Bozak (Ana) for Tripping (Minor) at 19:26

Goalie Stats

Martin Brodeur (Ana), 27 saves from 32 shots - (0.844), L, 6-7-1, 60:00 minutes
Sergei Bobrovsky (Wpg), 17 saves from 18 shots - (0.944), W, 18-7-1, 60:00 minutes

Players Stats for Ducks

Player Name              G  A  P  +/- PIM S  H  SB GA TA FO     MP     PP MP  PK MP  
------------------------------------------------------------------------------------
Alex Grant               0  0  0   0  2   1  0  0  0  1  0/0    13:10   0:00   0:00 
Anton Stralman           0  0  0  -2  0   2  1  1  0  0  0/0    19:58   3:16   4:26 
Brett Bellemore          0  0  0   0  0   0  1  1  1  1  0/0    13:24   0:52   0:00 
Dennis Wideman           0  0  0   0  2   1  2  5  0  0  0/0    25:06   3:28   7:34 
James Neal               0  0  0  -2  2   3  4  2  1  0  0/0    16:00   2:59   3:03 
James Sheppard           0  0  0   0  0   0  1  0  1  0  1/1    12:53   0:00   0:38 
Joey Crabb               0  0  0   0  0   1  0  0  0  0  0/0     7:08   0:00   0:00 
Jonathan Huberdeau       0  0  0   0  0   2  3  0  4  0  2/4    13:08   0:49   0:00 
Keith Aucoin             0  0  0   0  2   0  0  0  0  0  0/4     7:07   0:00   0:00 
Marc Staal               0  1  1  -2  0   1  1  1  1  3  0/0    21:33   3:16   6:01 
Martin St. Louis         0  0  0  -2  0   2  1  0  2  0  3/13   22:42   3:03   9:54 
Matt Frattin             1  0  1   0  0   2  1  0  0  0  0/0     7:08   0:00   0:00 
Matthew Carle            0  0  0   0  0   0  3  4  0  3  0/0    27:54   4:16   9:09 
Mike Richards            0  0  0  -2  0   0  2  0  0  2  12/17  22:18   2:57   9:54 
Patrick Kane             0  0  0   0  0   1  0  0  0  0  0/0    17:26   3:46   3:41 
Sean Bergenheim          0  0  0   0  6   0  3  1  0  0  0/1    13:57   4:29   0:00 
TJ Galiardi              0  0  0   0  0   2  1  3  1  0  0/1    12:01   0:00   0:00 
Tyler Bozak              0  0  0   0  2   0  1  0  0  0  4/9    13:01   4:29   0:00 

Players Stats for Jets

Player Name              G  A  P  +/- PIM S  H  SB GA TA FO     MP     PP MP  PK MP  
------------------------------------------------------------------------------------
Alex Killorn             0  0  0   0  0   1  0  0  0  0  0/2    12:32   0:00   0:02 
Alex Ovechkin            0  0  0   0  2   1  1  0  2  1  1/1    21:14   7:42   0:04 
Colin Wilson             0  0  0   1  0   0  0  0  0  0  0/0     7:02   0:00   0:00 
Danny DeKeyser           0  0  0   1  0   0  0  0  0  1  0/0    17:37   0:00   3:01 
Erik Johnson             1  1  2   0  0   3  1  1  0  0  0/0    23:23   4:17   4:31 
Frans Nielsen            0  0  0   1  0   1  1  0  2  0  4/6    13:40   0:00   5:21 
John Tavares             0  0  0   0  0   2  2  0  5  0  13/23  19:58   7:42   0:00 
Kris Russell             0  0  0   1  0   3  1  0  0  0  0/0    19:00   9:18   0:00 
Kyle Turris              0  1  1   0  0   2  1  0  2  0  5/10   18:52   5:53   2:07 
Marcus Kruger            0  0  0   0  0   1  1  0  1  1  1/1    14:25   0:00   5:19 
Max Pacioretty           1  0  1   1  0   2  1  0  3  0  1/1    19:42   7:42   2:11 
Nick Bjugstad            0  0  0   0  0   2  0  0  1  0  1/1     8:50   0:00   0:00 
Oliver Ekman-Larsson     0  0  0   0  0   3  1  0  1  1  0/0    28:33   9:18   4:31 
Ryan Getzlaf             3  1  4   1  2   5  0  0  3  0  2/5    14:50   5:53   0:00 
Ryan Murray              0  0  0   1  0   1  0  0  0  0  0/0    12:18   0:00   1:33 
Teemu Selanne            0  1  1   1  0   2  0  0  0  0  0/0     7:02   0:00   0:00 
Tyler Myers              0  1  1   1  4   0  2  1  0  2  0/0    19:29   4:16   1:28 
Wayne Simmonds           0  2  2   1  0   3  0  0  0  0  0/0    13:33   5:53   0:00 

3 Stars

1 - Ryan Getzlaf (Wpg)
2 - Erik Johnson (Wpg)
3 - Max Pacioretty (Wpg)

Power Play

Ducks - 0 on 4 Attempt(s) - 0.00%
Jets - 2 on 8 Attempt(s) - 25.00%

Penalty Kill

Ducks - 6 on 8 Attempt(s) - 75.00% - Score 0 goal in Penalty Kill
Jets - 4 on 4 Attempt(s) - 100.00% - Score 0 goal in Penalty Kill

Official

Referees : Unknown
Linesman : Unknown

Game Notes

Ryan Getzlaf has scored a Hat Trick!

Finance

Level 1 -- Attendance: 5466 (91.10%) -- Ticket Income $475,542
Level 2 -- Attendance: 4040 (80.80%) -- Ticket Income $238,360
Level 3 -- Attendance: 1590 (79.50%) -- Ticket Income $55,650
Level 4 -- Attendance: 3182 (79.55%) -- Ticket Income $63,640
Luxury Box -- Attendance: 905 (90.50%) -- Ticket Income $152,040
Game was played at the MTS Center
Total Attendance: 15183 (84.35%)
Total Ticket Income: $985,232
Other Income: $482,764
Total Income: $1,467,996

Ducks

5 vs 5 Forward 
   Center                   Left Wing                Right Wing               Time % Phy DF OF 
 1 Mike Richards            Martin St. Louis         James Neal               35     1   2  2  
 2 Tyler Bozak              Sean Bergenheim          Patrick Kane             30     1   2  2  
 3 Jonathan Huberdeau       TJ Galiardi              James Sheppard           22     1   2  2  
 4 Keith Aucoin             Matt Frattin             Joey Crabb               13     1   2  2  

5 vs 5 Defense 
   Defense                  Defense                                           Time % Phy DF OF 
 1 Matthew Carle            Dennis Wideman                                    35     1   2  2  
 2 Marc Staal               Anton Stralman                                    30     1   2  2  
 3 Brett Bellemore          Alex Grant                                        22     1   2  2  
 4 Matthew Carle            Dennis Wideman                                    13     1   2  2  

PowerPlay Forward 
   Center                   Left Wing                Right Wing               Time % Phy DF OF 
 1 Mike Richards            Martin St. Louis         James Neal               60     1   2  2  
 2 Tyler Bozak              Sean Bergenheim          Patrick Kane             40     1   2  2  

PowerPlay Defense
   Defense                  Defense                                           Time % Phy DF OF 
 1 Matthew Carle            Dennis Wideman                                    60     1   2  2  
 2 Marc Staal               Anton Stralman                                    40     1   2  2  

Penalty Kill 4 Players Forward 
   Center                   Wing                     Time % Phy DF OF 
 1 Martin St. Louis         Mike Richards            60     1   2  2  
 2 James Neal               Patrick Kane             40     1   2  2  

Penalty Kill 4 Players Defense
   Defense                  Defense                  Time % Phy DF OF 
 1 Matthew Carle            Dennis Wideman           60     1   2  2  
 2 Marc Staal               Anton Stralman           40     1   2  2  

Penalty Kill - 3 Players Forward 
   Forward                                           Time % Phy DF OF 
 1 Martin St. Louis                                  60     1   2  2  
 2 Mike Richards                                     40     1   2  2  

Penalty Kill - 3 Players Defense
   Defense                  Defense                  Time % Phy DF OF 
 1 Matthew Carle            Dennis Wideman           60     1   2  2  
 2 Marc Staal               Anton Stralman           40     1   2  2  

4 vs 4 Forward 
   Center                   Wing                     Time % Phy DF OF 
 1 Martin St. Louis         Mike Richards            60     1   2  2  
 2 James Neal               Patrick Kane             40     1   2  2  

4 vs 4 Defense
   Defense                  Defense                  Time % Phy DF OF 
 1 Matthew Carle            Dennis Wideman           60     1   2  2  
 2 Marc Staal               Anton Stralman           40     1   2  2  

Last Minutes Offensive
   Center                   Left Wing                Right Wing               Defense                  Defense                  
   Mike Richards            Martin St. Louis         James Neal               Matthew Carle            Dennis Wideman           

Last Minutes Defensive
   Center                   Left Wing                Right Wing               Defense                  Defense                  
   Mike Richards            Martin St. Louis         James Neal               Matthew Carle            Dennis Wideman           

Goaltenders
Starting : Martin Brodeur           
Backup : Jonathan Bernier         

Extra Forwards
Normal : Jonathan Huberdeau, TJ Galiardi, James Sheppard - PP : Jonathan Huberdeau, TJ Galiardi - PK : James Sheppard
Extra Defensemen
Normal : Brett Bellemore, Matthew Carle, Marc Staal - PP : Brett Bellemore - PK : Dennis Wideman, Marc Staal
Penalty Shots
Martin St. Louis, Mike Richards, James Neal, Patrick Kane, Tyler Bozak

Jets

5 vs 5 Forward 
   Center                   Left Wing                Right Wing               Time % Phy DF OF 
 1 John Tavares             Alex Killorn             Alex Ovechkin            38     0   1  4  
 2 Frans Nielsen            Max Pacioretty           Wayne Simmonds           30     1   1  3  
 3 Kyle Turris              Nick Bjugstad            Marcus Kruger            22     0   2  3  
 4 Ryan Getzlaf             Colin Wilson             Teemu Selanne            10     1   1  3  

5 vs 5 Defense 
   Defense                  Defense                                           Time % Phy DF OF 
 1 Oliver Ekman-Larsson     Erik Johnson                                      35     1   2  2  
 2 Tyler Myers              Danny DeKeyser                                    32     1   2  2  
 3 Ryan Murray              Kris Russell                                      22     1   2  2  
 4 Oliver Ekman-Larsson     Erik Johnson                                      11     1   2  2  

PowerPlay Forward 
   Center                   Left Wing                Right Wing               Time % Phy DF OF 
 1 John Tavares             Max Pacioretty           Alex Ovechkin            60     1   2  2  
 2 Ryan Getzlaf             Kyle Turris              Wayne Simmonds           40     0   2  3  

PowerPlay Defense
   Defense                  Defense                                           Time % Phy DF OF 
 1 Oliver Ekman-Larsson     Kris Russell                                      60     1   2  2  
 2 Tyler Myers              Erik Johnson                                      40     1   2  2  

Penalty Kill 4 Players Forward 
   Center                   Wing                     Time % Phy DF OF 
 1 Frans Nielsen            Marcus Kruger            60     1   4  0  
 2 Kyle Turris              Max Pacioretty           40     1   2  2  

Penalty Kill 4 Players Defense
   Defense                  Defense                  Time % Phy DF OF 
 1 Oliver Ekman-Larsson     Erik Johnson             60     1   3  1  
 2 Tyler Myers              Danny DeKeyser           40     1   3  1  

Penalty Kill - 3 Players Forward 
   Forward                                           Time % Phy DF OF 
 1 Alex Ovechkin                                     60     1   4  0  
 2 Frans Nielsen                                     40     1   4  0  

Penalty Kill - 3 Players Defense
   Defense                  Defense                  Time % Phy DF OF 
 1 Oliver Ekman-Larsson     Erik Johnson             60     1   4  0  
 2 Tyler Myers              Danny DeKeyser           40     1   4  0  

4 vs 4 Forward 
   Center                   Wing                     Time % Phy DF OF 
 1 Max Pacioretty           Alex Ovechkin            60     1   2  2  
 2 Frans Nielsen            John Tavares             40     1   2  2  

4 vs 4 Defense
   Defense                  Defense                  Time % Phy DF OF 
 1 Oliver Ekman-Larsson     Erik Johnson             60     1   2  2  
 2 Tyler Myers              Kris Russell             40     1   2  2  

Last Minutes Offensive
   Center                   Left Wing                Right Wing               Defense                  Defense                  
   John Tavares             Alex Ovechkin            Wayne Simmonds           Oliver Ekman-Larsson     Erik Johnson             

Last Minutes Defensive
   Center                   Left Wing                Right Wing               Defense                  Defense                  
   Frans Nielsen            Max Pacioretty           Marcus Kruger            Oliver Ekman-Larsson     Tyler Myers              

Goaltenders
Starting : Sergei Bobrovsky         
Backup : Tim Thomas               

Extra Forwards
Normal : Ryan Getzlaf, Marcus Kruger, Alex Killorn - PP : Kyle Turris, Marcus Kruger - PK : Alex Killorn
Extra Defensemen
Normal : Kris Russell, Ryan Murray, Tyler Myers - PP : Kris Russell - PK : Ryan Murray, Tyler Myers
Penalty Shots
Wayne Simmonds, Alex Ovechkin, Frans Nielsen, John Tavares, Max Pacioretty

% Time on Ice - Ducks

Lines # - Real PCT - Wanted PCT - Time Play
Normal Forward
1 - 24% - 35% - 9:21
2 - 26% - 30% - 9:59
3 - 31% - 22% - 12:01
4 - 19% - 13% - 7:08
Normal Defense
1 - 36% - 35% - 13:41
2 - 32% - 30% - 12:16
3 - 32% - 22% - 12:08
4 - 1% - 13% - 0:24
PP Forward
1 - 40% - 60% - 3:03
2 - 60% - 40% - 4:29
PP Defense
1 - 57% - 60% - 4:16
2 - 43% - 40% - 3:16
PK Forward
1 - 73% - 60% - 9:54
2 - 27% - 40% - 3:41
PK Defense
1 - 67% - 60% - 9:09
2 - 33% - 40% - 4:26
PK3 Forward
1 - 0% - 60%
2 - 0% - 40%
PK3 Defense
1 - 0% - 60%
2 - 0% - 40%
44 Forward
1 - 100% - 60% - 0:24
2 - 0% - 40% - 0:00
44 Defense
1 - 100% - 60% - 0:24
2 - 0% - 40% - 0:00
Last Minute Offensive  - 0:00
Last Minute Defensive  - 0:00
Total
Forward - 60:00
Defense - 60:00

% Time on Ice - Jets

Lines # - Real PCT - Wanted PCT - Time Play
Normal Forward
1 - 35% - 38% - 13:21
2 - 24% - 30% - 9:16
3 - 23% - 22% - 8:50
4 - 18% - 10% - 7:02
Normal Defense
1 - 37% - 35% - 14:20
2 - 39% - 32% - 15:02
3 - 24% - 22% - 9:07
4 - 0% - 11% - 0:00
PP Forward
1 - 57% - 60% - 7:42
2 - 43% - 40% - 5:53
PP Defense
1 - 68% - 60% - 9:18
2 - 32% - 40% - 4:17
PK Forward
1 - 72% - 60% - 5:25
2 - 28% - 40% - 2:07
PK Defense
1 - 60% - 60% - 4:31
2 - 40% - 40% - 3:01
PK3 Forward
1 - 0% - 60%
2 - 0% - 40%
PK3 Defense
1 - 0% - 60%
2 - 0% - 40%
44 Forward
1 - 100% - 60% - 0:24
2 - 0% - 40% - 0:00
44 Defense
1 - 100% - 60% - 0:24
2 - 0% - 40% - 0:00
Last Minute Offensive  - 0:00
Last Minute Defensive  - 0:00
Total
Forward - 60:00
Defense - 60:00

Play by Play

1st period


0:01 of 1st period - Mike Richards wins face-off versus John Tavares in neutral zone.
0:04 of 1st period - Erik Johnson is hit by Matthew Carle and loses puck.
0:26 of 1st period - Minor Penalty to Dennis Wideman for High sticking.
0:27 of 1st period - John Tavares wins face-off versus Martin St. Louis in Ducks zone.
2:01 of 1st period - Minor Penalty to Tyler Myers for Interference.
2:02 of 1st period - Max Pacioretty wins face-off versus Martin St. Louis in Jets zone.
2:26 of 1st period - Penalty to Dennis Wideman is over, Dennis Wideman is back on ice.
2:58 of 1st period - Tyler Bozak is hit by Marcus Kruger and loses puck.
3:16 of 1st period - Max Pacioretty is hit by James Neal and loses puck.
3:43 of 1st period - Snap shot by Sean Bergenheim.
3:43 of 1st period - Deflect By Tyler Bozak.
3:43 of 1st period - Shot Misses the Net.
3:43 of 1st period - Puck is out of play.
3:44 of 1st period - Kyle Turris wins face-off versus Tyler Bozak in Jets zone.
4:01 of 1st period - Penalty to Tyler Myers is over, Tyler Myers is back on ice.
4:14 of 1st period - Danny DeKeyser is hit by Marc Staal and loses puck.
4:50 of 1st period - Brett Bellemore is hit by Tyler Myers and loses puck.
5:44 of 1st period - Ryan Getzlaf is hit by Jonathan Huberdeau and loses puck.
6:19 of 1st period - Wrist shot by Nick Bjugstad.
6:19 of 1st period - Shot Blocked by Sean Bergenheim.
6:41 of 1st period - Wrist shot by James Neal.
6:41 of 1st period - Stopped by Sergei Bobrovsky with a rebound.
6:45 of 1st period - Slapshot by James Neal.
6:45 of 1st period - Stopped by Sergei Bobrovsky with a rebound.
6:47 of 1st period - Slapshot by Alex Grant.
6:47 of 1st period - Stopped by Sergei Bobrovsky without a rebound.
6:48 of 1st period - Mike Richards wins face-off versus John Tavares in Jets zone.
8:19 of 1st period - Slapshot by Kyle Turris.
8:19 of 1st period - Shot Misses the Net.
8:21 of 1st period - Slapshot by Tyler Myers.
8:21 of 1st period - Shot Blocked by TJ Galiardi.
8:23 of 1st period - Slapshot by Kyle Turris.
8:23 of 1st period - Shot Misses the Net.
8:33 of 1st period - Wrist shot by Marcus Kruger.
8:33 of 1st period - Shot Misses the Net.
8:39 of 1st period - Minor Penalty to Alex Grant for High sticking.
8:40 of 1st period - Martin St. Louis wins face-off versus John Tavares in Ducks zone.
9:59 of 1st period - Off-side.
10:00 of 1st period - Martin St. Louis wins face-off versus John Tavares in neutral zone.
10:11 of 1st period - Slapshot by Max Pacioretty.
10:11 of 1st period - Shot Blocked by Dennis Wideman.
10:25 of 1st period - Snap shot by Wayne Simmonds.
10:25 of 1st period - Shot Blocked by Dennis Wideman.
10:27 of 1st period - Slapshot by Tyler Myers.
10:27 of 1st period - Shot Misses the Net.
10:29 of 1st period - Slapshot by Tyler Myers.
10:29 of 1st period - Shot Blocked by Dennis Wideman.
10:31 of 1st period - Slapshot by Erik Johnson.
10:31 of 1st period - Deflect By Wayne Simmonds.
10:31 of 1st period - Stopped by Martin Brodeur with a rebound.
10:33 of 1st period - Snap shot by Wayne Simmonds.
10:33 of 1st period - Shot Blocked by James Neal.
10:39 of 1st period - Penalty to Alex Grant is over, Alex Grant is back on ice.
11:20 of 1st period - Snap shot by Kyle Turris.
11:20 of 1st period - Stopped by Martin Brodeur with a rebound.
11:22 of 1st period - Slapshot by Ryan Murray.
11:22 of 1st period - Shot Blocked by Dennis Wideman.
11:41 of 1st period - Minor Penalty to Ryan Getzlaf for Holding.
11:42 of 1st period - Tyler Bozak wins face-off versus Frans Nielsen in Jets zone.
11:53 of 1st period - Snap shot by Tyler Bozak.
11:53 of 1st period - Shot Blocked by Erik Johnson.
11:55 of 1st period - Slapshot by Marc Staal.
11:55 of 1st period - Stopped by Sergei Bobrovsky with a rebound.
11:57 of 1st period - Slapshot by Anton Stralman.
11:57 of 1st period - Stopped by Sergei Bobrovsky without a rebound.
11:58 of 1st period - Tyler Bozak wins face-off versus Frans Nielsen in Jets zone.
13:07 of 1st period - Oliver Ekman-Larsson is hit by Sean Bergenheim and loses puck.
13:26 of 1st period - Tyler Myers is hit by Mike Richards and loses puck.
13:33 of 1st period - Wrist shot by James Neal.
13:33 of 1st period - Stopped by Sergei Bobrovsky with a rebound.
13:41 of 1st period - Penalty to Ryan Getzlaf is over, Ryan Getzlaf is back on ice.
14:06 of 1st period - Icing by Ryan Getzlaf.
14:07 of 1st period - Kyle Turris wins face-off versus Keith Aucoin in Jets zone.
14:12 of 1st period - Wrist shot by Max Pacioretty.
14:12 of 1st period - Shot Misses the Net.
14:34 of 1st period - Snap shot by Matt Frattin.
14:34 of 1st period - Shot Misses the Net.
14:36 of 1st period - Wrist shot by Matt Frattin.
14:36 of 1st period - Deflect By Joey Crabb.
14:36 of 1st period - Stopped by Sergei Bobrovsky with a rebound.
14:42 of 1st period - Snap shot by Matt Frattin.
14:42 of 1st period - Stopped by Sergei Bobrovsky without a rebound.
14:43 of 1st period - Jonathan Huberdeau wins face-off versus Alex Killorn in Jets zone.
14:58 of 1st period - Wrist shot by Jonathan Huberdeau.
14:58 of 1st period - Deflect By TJ Galiardi.
14:58 of 1st period - Stopped by Sergei Bobrovsky with a rebound.
15:06 of 1st period - Kris Russell is hit by Jonathan Huberdeau and loses puck.
15:12 of 1st period - Minor Penalty to Alex Ovechkin for Interference.
15:13 of 1st period - Frans Nielsen wins face-off versus Mike Richards in Jets zone.
15:13 of 1st period - Frans Nielsen is hit by Matthew Carle.
15:22 of 1st period - Frans Nielsen is hit by James Neal and loses puck.
16:33 of 1st period - Frans Nielsen is hit by Dennis Wideman and loses puck.
17:12 of 1st period - Penalty to Alex Ovechkin is over, Alex Ovechkin is back on ice.
17:58 of 1st period - Snap shot by Jonathan Huberdeau.
17:58 of 1st period - Shot Misses the Net.
18:00 of 1st period - Snap shot by TJ Galiardi.
18:00 of 1st period - Deflect By Jonathan Huberdeau.
18:00 of 1st period - Shot Misses the Net.
18:00 of 1st period - Puck is out of play.
18:01 of 1st period - Ryan Getzlaf wins face-off versus Keith Aucoin in Jets zone.
18:30 of 1st period - Snap shot by Matt Frattin.
18:30 of 1st period - Goal by Matt Frattin - Ducks : 1 - Jets : 0.
18:31 of 1st period - John Tavares wins face-off versus Tyler Bozak in neutral zone.
18:42 of 1st period - Slapshot by John Tavares.
18:42 of 1st period - Shot Misses the Net.
18:44 of 1st period - Minor Penalty to Sean Bergenheim for Tripping.
18:45 of 1st period - Alex Ovechkin wins face-off versus Martin St. Louis in Ducks zone.
19:08 of 1st period - Wrist shot by Alex Ovechkin.
19:08 of 1st period - Shot Misses the Net.
19:22 of 1st period - Snap shot by Alex Ovechkin.
19:22 of 1st period - Stopped by Martin Brodeur with a rebound.
19:38 of 1st period - Wayne Simmonds is hit by Mike Richards and loses puck.
Goals for this period are 1 for Ducks vs 0 for Jets.
Shots for this period are 10 for Ducks vs 3 for Jets.

2nd period


0:01 of 2nd period - John Tavares wins face-off versus Martin St. Louis in neutral zone.
0:44 of 2nd period - Penalty to Sean Bergenheim is over, Sean Bergenheim is back on ice.
0:54 of 2nd period - Marcus Kruger is hit by Sean Bergenheim and loses puck.
1:01 of 2nd period - Dennis Wideman is hit by Kyle Turris.
1:12 of 2nd period - Slapshot by Danny DeKeyser.
1:12 of 2nd period - Shot Misses the Net.
1:14 of 2nd period - Snap shot by Kyle Turris.
1:14 of 2nd period - Stopped by Martin Brodeur with a rebound.
1:54 of 2nd period - Wrist shot by Teemu Selanne.
1:54 of 2nd period - Stopped by Martin Brodeur with a rebound.
2:00 of 2nd period - Erik Johnson is hit by TJ Galiardi and loses puck.
2:09 of 2nd period - Wrist shot by Jonathan Huberdeau.
2:09 of 2nd period - Shot Misses the Net.
2:29 of 2nd period - Snap shot by Wayne Simmonds.
2:29 of 2nd period - Deflect By Max Pacioretty.
2:29 of 2nd period - Goal by Max Pacioretty - Ducks : 1 - Jets : 1.
2:30 of 2nd period - Tyler Bozak wins face-off versus John Tavares in neutral zone.
2:33 of 2nd period - Kris Russell is hit by Sean Bergenheim and loses puck.
3:35 of 2nd period - Marc Staal is hit by Max Pacioretty and loses puck.
3:42 of 2nd period - Slapshot by Wayne Simmonds.
3:42 of 2nd period - Stopped by Martin Brodeur with a rebound.
3:52 of 2nd period - Erik Johnson is hit by James Sheppard and loses puck.
5:21 of 2nd period - Snap shot by Teemu Selanne.
5:21 of 2nd period - Shot Misses the Net.
5:41 of 2nd period - Tyler Bozak is hit by Erik Johnson and loses puck.
6:22 of 2nd period - Tyler Myers is hit by Dennis Wideman and loses puck.
6:31 of 2nd period - Snap shot by Jonathan Huberdeau.
6:31 of 2nd period - Stopped by Sergei Bobrovsky without a rebound.
6:32 of 2nd period - Nick Bjugstad wins face-off versus Keith Aucoin in Jets zone.
6:32 of 2nd period - Nick Bjugstad is hit by Matt Frattin.
7:00 of 2nd period - Slapshot by Keith Aucoin.
7:00 of 2nd period - Shot Misses the Net.
7:02 of 2nd period - Wrist shot by Brett Bellemore.
7:02 of 2nd period - Deflect By Matt Frattin.
7:02 of 2nd period - Shot Misses the Net.
7:02 of 2nd period - Puck is out of play.
7:03 of 2nd period - Mike Richards wins face-off versus John Tavares in Jets zone.
7:04 of 2nd period - Snap shot by Martin St. Louis.
7:04 of 2nd period - Stopped by Sergei Bobrovsky without a rebound.
7:05 of 2nd period - Mike Richards wins face-off versus Alex Killorn in Jets zone.
7:14 of 2nd period - Slapshot by Oliver Ekman-Larsson.
7:14 of 2nd period - Shot Blocked by Anton Stralman.
7:16 of 2nd period - Slapshot by Oliver Ekman-Larsson.
7:16 of 2nd period - Stopped by Martin Brodeur without a rebound.
7:17 of 2nd period - John Tavares wins face-off versus Mike Richards in Ducks zone.
8:25 of 2nd period - Snap shot by Tyler Bozak.
8:25 of 2nd period - Shot Misses the Net.
8:34 of 2nd period - Minor Penalty to Sean Bergenheim for High sticking.
8:35 of 2nd period - Ryan Getzlaf wins face-off versus Martin St. Louis in Ducks zone.
9:15 of 2nd period - Marc Staal is hit by John Tavares and loses puck.
10:32 of 2nd period - Max Pacioretty is hit by James Neal and loses puck.
10:34 of 2nd period - Penalty to Sean Bergenheim is over, Sean Bergenheim is back on ice.
10:42 of 2nd period - Icing by Oliver Ekman-Larsson.
10:43 of 2nd period - John Tavares wins face-off versus Jonathan Huberdeau in Jets zone.
10:54 of 2nd period - Wrist shot by Kyle Turris.
10:54 of 2nd period - Shot Blocked by Brett Bellemore.
11:00 of 2nd period - Snap shot by Jonathan Huberdeau.
11:00 of 2nd period - Shot Misses the Net.
11:02 of 2nd period - Slapshot by Brett Bellemore.
11:02 of 2nd period - Shot Misses the Net.
11:12 of 2nd period - Snap shot by Jonathan Huberdeau.
11:12 of 2nd period - Stopped by Sergei Bobrovsky with a rebound.
11:14 of 2nd period - Slapshot by Alex Grant.
11:14 of 2nd period - Shot Blocked by Tyler Myers.
11:16 of 2nd period - Slapshot by Brett Bellemore.
11:16 of 2nd period - Shot Misses the Net.
11:23 of 2nd period - Minor Penalty to Tyler Myers for Interference.
11:24 of 2nd period - Frans Nielsen wins face-off versus Tyler Bozak in Jets zone.
12:33 of 2nd period - Marc Staal is hit by Oliver Ekman-Larsson and loses puck.
12:48 of 2nd period - Snap shot by Max Pacioretty.
12:48 of 2nd period - Stopped by Martin Brodeur without a rebound.
12:49 of 2nd period - Mike Richards wins face-off versus Kyle Turris in Ducks zone.
12:55 of 2nd period - Off-side.
12:56 of 2nd period - Mike Richards wins face-off versus Kyle Turris in neutral zone.
13:23 of 2nd period - Penalty to Tyler Myers is over, Tyler Myers is back on ice.
15:07 of 2nd period - Oliver Ekman-Larsson is hit by Brett Bellemore and loses puck.
15:16 of 2nd period - Wrist shot by Ryan Getzlaf.
15:16 of 2nd period - Stopped by Martin Brodeur with a rebound.
15:18 of 2nd period - Slapshot by Oliver Ekman-Larsson.
15:18 of 2nd period - Shot Misses the Net.
15:20 of 2nd period - Slapshot by Erik Johnson.
15:20 of 2nd period - Stopped by Martin Brodeur without a rebound.
15:21 of 2nd period - Frans Nielsen wins face-off versus Tyler Bozak in Ducks zone.
16:10 of 2nd period - Wrist shot by Dennis Wideman.
16:10 of 2nd period - Stopped by Sergei Bobrovsky with a rebound.
16:25 of 2nd period - Marc Staal is hit by Kris Russell and loses puck.
16:30 of 2nd period - Snap shot by Ryan Getzlaf.
16:30 of 2nd period - Stopped by Martin Brodeur without a rebound.
16:31 of 2nd period - Mike Richards wins face-off versus Kyle Turris in Ducks zone.
16:39 of 2nd period - Off-side.
16:40 of 2nd period - Mike Richards wins face-off versus Kyle Turris in neutral zone.
17:01 of 2nd period - Slapshot by Mike Richards.
17:01 of 2nd period - Shot Misses the Net.
17:03 of 2nd period - Slapshot by James Neal.
17:03 of 2nd period - Shot Misses the Net.
17:05 of 2nd period - Slapshot by Martin St. Louis.
17:05 of 2nd period - Stopped by Sergei Bobrovsky with a rebound.
17:39 of 2nd period - John Tavares is hit by Tyler Bozak and loses puck.
18:17 of 2nd period - Snap shot by Max Pacioretty.
18:17 of 2nd period - Shot Blocked by TJ Galiardi.
18:19 of 2nd period - Slapshot by Kris Russell.
18:19 of 2nd period - Deflect By Dennis Wideman.
18:19 of 2nd period - Stopped by Martin Brodeur with a rebound.
18:21 of 2nd period - Snap shot by Max Pacioretty.
18:21 of 2nd period - Shot Misses the Net.
18:23 of 2nd period - Slapshot by Erik Johnson.
18:23 of 2nd period - Shot Misses the Net.
18:25 of 2nd period - Snap shot by Frans Nielsen.
18:25 of 2nd period - Stopped by Martin Brodeur with a rebound.
18:27 of 2nd period - Slapshot by Oliver Ekman-Larsson.
18:27 of 2nd period - Stopped by Martin Brodeur without a rebound.
18:28 of 2nd period - Frans Nielsen wins face-off versus Jonathan Huberdeau in Ducks zone.
18:45 of 2nd period - Wrist shot by Wayne Simmonds.
18:45 of 2nd period - Shot Misses the Net.
18:47 of 2nd period - Slapshot by Oliver Ekman-Larsson.
18:47 of 2nd period - Deflect By Max Pacioretty.
18:47 of 2nd period - Shot Misses the Net.
18:47 of 2nd period - Puck is out of play.
18:48 of 2nd period - Mike Richards wins face-off versus Ryan Getzlaf in Ducks zone.
19:09 of 2nd period - Snap shot by Teemu Selanne.
19:09 of 2nd period - Shot Blocked by Matthew Carle.
19:11 of 2nd period - Wrist shot by Erik Johnson.
19:11 of 2nd period - Goal by Erik Johnson - Ducks : 1 - Jets : 2.
19:12 of 2nd period - John Tavares wins face-off versus Mike Richards in neutral zone.
19:37 of 2nd period - Backhand shot by Alex Ovechkin.
19:37 of 2nd period - Shot Misses the Net.
Goals for this period are 0 for Ducks vs 2 for Jets.
Shots for this period are 5 for Ducks vs 13 for Jets.
0:00 of 3rd period - Minor Penalty to Sean Bergenheim for Hooking.

3rd period


0:01 of 3rd period - John Tavares wins face-off versus Martin St. Louis in neutral zone.
0:24 of 3rd period - Snap shot by Max Pacioretty.
0:24 of 3rd period - Shot Misses the Net.
0:26 of 3rd period - Slapshot by Kris Russell.
0:26 of 3rd period - Stopped by Martin Brodeur with a rebound.
0:38 of 3rd period - Wrist shot by John Tavares.
0:38 of 3rd period - Stopped by Martin Brodeur with a rebound.
0:48 of 3rd period - Oliver Ekman-Larsson is hit by Martin St. Louis and loses puck.
1:34 of 3rd period - Erik Johnson is hit by Anton Stralman.
2:00 of 3rd period - Penalty to Sean Bergenheim is over, Sean Bergenheim is back on ice.
2:06 of 3rd period - Snap shot by Wayne Simmonds.
2:06 of 3rd period - Shot Misses the Net.
2:08 of 3rd period - Slapshot by Erik Johnson.
2:08 of 3rd period - Shot Blocked by TJ Galiardi.
2:27 of 3rd period - James Sheppard is hit by Tyler Myers and loses puck.
3:37 of 3rd period - Brett Bellemore is hit by Frans Nielsen and loses puck.
4:12 of 3rd period - Snap shot by Marcus Kruger.
4:12 of 3rd period - Stopped by Martin Brodeur without a rebound.
4:13 of 3rd period - Kyle Turris wins face-off versus Mike Richards in Ducks zone.
4:14 of 3rd period - Slapshot by Oliver Ekman-Larsson.
4:14 of 3rd period - Deflect By Nick Bjugstad.
4:14 of 3rd period - Stopped by Martin Brodeur with a rebound.
4:32 of 3rd period - Marcus Kruger is hit by James Neal and loses puck.
5:13 of 3rd period - Danny DeKeyser is hit by Jonathan Huberdeau and loses puck.
5:42 of 3rd period - Wrist shot by Teemu Selanne.
5:42 of 3rd period - Shot Misses the Net.
6:37 of 3rd period - Slapshot by Marcus Kruger.
6:37 of 3rd period - Shot Misses the Net.
6:39 of 3rd period - Snap shot by Erik Johnson.
6:39 of 3rd period - Stopped by Martin Brodeur with a rebound.
7:07 of 3rd period - Snap shot by John Tavares.
7:07 of 3rd period - Stopped by Martin Brodeur with a rebound.
7:09 of 3rd period - Snap shot by Kris Russell.
7:09 of 3rd period - Stopped by Martin Brodeur without a rebound.
7:10 of 3rd period - Mike Richards wins face-off versus John Tavares in Ducks zone.
8:39 of 3rd period - Snap shot by Teemu Selanne.
8:39 of 3rd period - Stopped by Martin Brodeur with a rebound.
9:32 of 3rd period - Martin St. Louis is hit by John Tavares and loses puck.
9:39 of 3rd period - Slapshot by Anton Stralman.
9:39 of 3rd period - Stopped by Sergei Bobrovsky without a rebound.
9:40 of 3rd period - Mike Richards wins face-off versus John Tavares in Jets zone.
9:56 of 3rd period - Mike Richards is hit by Alex Ovechkin and loses puck.
10:13 of 3rd period - Wrist shot by Wayne Simmonds.
10:13 of 3rd period - Shot Blocked by Marc Staal.
10:15 of 3rd period - Snap shot by Wayne Simmonds.
10:15 of 3rd period - Shot Misses the Net.
10:17 of 3rd period - Slapshot by Erik Johnson.
10:17 of 3rd period - Shot Blocked by James Neal.
10:49 of 3rd period - Snap shot by Ryan Getzlaf.
10:49 of 3rd period - Goal by Ryan Getzlaf - Ducks : 1 - Jets : 3.
10:50 of 3rd period - Marcus Kruger wins face-off versus Sean Bergenheim in neutral zone.
11:13 of 3rd period - Wrist shot by Patrick Kane.
11:13 of 3rd period - Deflect By Sean Bergenheim.
11:13 of 3rd period - Shot Misses the Net.
11:13 of 3rd period - Puck is out of play.
11:14 of 3rd period - Jonathan Huberdeau wins face-off versus John Tavares in Jets zone.
11:27 of 3rd period - Snap shot by TJ Galiardi.
11:27 of 3rd period - Stopped by Sergei Bobrovsky with a rebound.
12:07 of 3rd period - Snap shot by Max Pacioretty.
12:07 of 3rd period - Shot Misses the Net.
12:09 of 3rd period - Slapshot by Oliver Ekman-Larsson.
12:09 of 3rd period - Stopped by Martin Brodeur with a rebound.
12:48 of 3rd period - Slapshot by Oliver Ekman-Larsson.
12:48 of 3rd period - Shot Blocked by Matthew Carle.
12:50 of 3rd period - Wrist shot by Kyle Turris.
12:50 of 3rd period - Shot Blocked by Dennis Wideman.
12:52 of 3rd period - Wrist shot by Marcus Kruger.
12:52 of 3rd period - Shot Misses the Net.
12:54 of 3rd period - Slapshot by Erik Johnson.
12:54 of 3rd period - Shot Misses the Net.
13:04 of 3rd period - Wrist shot by Kyle Turris.
13:04 of 3rd period - Shot Misses the Net.
13:06 of 3rd period - Slapshot by Kris Russell.
13:06 of 3rd period - Shot Misses the Net.
13:08 of 3rd period - Snap shot by Kyle Turris.
13:08 of 3rd period - Shot Misses the Net.
13:10 of 3rd period - Slapshot by Marcus Kruger.
13:10 of 3rd period - Shot Hit the Post.
13:12 of 3rd period - Slapshot by Nick Bjugstad.
13:12 of 3rd period - Stopped by Martin Brodeur with a rebound.
13:14 of 3rd period - Backhand shot by Ryan Murray.
13:14 of 3rd period - Stopped by Martin Brodeur without a rebound.
13:15 of 3rd period - Mike Richards wins face-off versus Ryan Getzlaf in Ducks zone.
13:17 of 3rd period - Minor Penalty to James Neal for Tripping.
13:18 of 3rd period - John Tavares wins face-off versus Martin St. Louis in Ducks zone.
14:10 of 3rd period - Ryan Getzlaf is hit by Matthew Carle and loses puck.
14:21 of 3rd period - Slapshot by Wayne Simmonds.
14:21 of 3rd period - Shot Misses the Net.
14:23 of 3rd period - Slapshot by Erik Johnson.
14:23 of 3rd period - Shot Misses the Net.
14:25 of 3rd period - Slapshot by Tyler Myers.
14:25 of 3rd period - Shot Blocked by Matthew Carle.
14:27 of 3rd period - Slapshot by Kyle Turris.
14:27 of 3rd period - Deflect By Ryan Getzlaf.
14:27 of 3rd period - Shot Blocked by Matthew Carle.
14:27 of 3rd period - Puck is out of play.
14:28 of 3rd period - John Tavares wins face-off versus Martin St. Louis in Ducks zone.
14:46 of 3rd period - Off-side.
14:47 of 3rd period - James Sheppard wins face-off versus John Tavares in neutral zone.
15:17 of 3rd period - Penalty to James Neal is over, James Neal is back on ice.
15:30 of 3rd period - Wrist shot by Wayne Simmonds.
15:30 of 3rd period - Stopped by Martin Brodeur without a rebound.
15:31 of 3rd period - Kyle Turris wins face-off versus Keith Aucoin in Ducks zone.
15:47 of 3rd period - Minor Penalty to Keith Aucoin for Holding.
15:48 of 3rd period - John Tavares wins face-off versus Martin St. Louis in Ducks zone.
15:48 of 3rd period - Wrist shot by Max Pacioretty.
15:48 of 3rd period - Shot Misses the Net.
16:08 of 3rd period - Wrist shot by Max Pacioretty.
16:08 of 3rd period - Shot Misses the Net.
17:18 of 3rd period - Off-side.
17:19 of 3rd period - John Tavares wins face-off versus Martin St. Louis in neutral zone.
17:40 of 3rd period - Wrist shot by Ryan Getzlaf.
17:40 of 3rd period - Goal by Ryan Getzlaf - Ducks : 1 - Jets : 4.
17:41 of 3rd period - Kyle Turris wins face-off versus Tyler Bozak in neutral zone.
17:46 of 3rd period - Slapshot by Erik Johnson.
17:46 of 3rd period - Deflect By Nick Bjugstad.
17:46 of 3rd period - Shot Misses the Net.
17:46 of 3rd period - Puck is out of play.
17:47 of 3rd period - Tyler Bozak wins face-off versus Kyle Turris in Ducks zone.
18:10 of 3rd period - Snap shot by Patrick Kane.
18:10 of 3rd period - Stopped by Sergei Bobrovsky without a rebound.
18:11 of 3rd period - John Tavares wins face-off versus TJ Galiardi in Jets zone.
18:28 of 3rd period - Wrist shot by Alex Ovechkin.
18:28 of 3rd period - Shot Misses the Net.
19:26 of 3rd period - Minor Penalty to Tyler Bozak for Tripping.
19:27 of 3rd period - Martin St. Louis wins face-off versus Ryan Getzlaf in Ducks zone.
19:37 of 3rd period - Snap shot by Ryan Getzlaf.
19:37 of 3rd period - Goal by Ryan Getzlaf - Ducks : 1 - Jets : 5.
19:38 of 3rd period - John Tavares wins face-off versus Mike Richards in neutral zone.
19:45 of 3rd period - Wrist shot by Alex Killorn.
19:45 of 3rd period - Stopped by Martin Brodeur with a rebound.
Goals for this period are 0 for Ducks vs 3 for Jets.
Shots for this period are 3 for Ducks vs 16 for Jets.


Output by the SimonT Hockey Simulator (STHS) for Eric Dolegowski -- Original Page W3C XHTML 1.0 Valid
Hockey Simulator - Hockey Simulation - Hockey Manager